 Dungeon Crawl Stone Soup version 0.25-a0-890-g62861fb (webtiles) character file.

Game seed: 6710365610404199952, levelgen mode: deterministic

186 BlueFish the Insei (level 5, -3/34 HPs)
             Began as an Octopode Transmuter on May 6, 2020.
             Slain by an ogre
             ... wielding a +0 giant club
              (15 damage)
             ... on level 4 of the Dungeon.
             The game lasted 00:07:09 (3179 turns).

BlueFish the Insei (Octopode Transmuter)            Turns: 3179, Time: 00:07:10

Health: -3/34      AC:  1    Str: 10    XL:     5   Next: 65%
Magic:  6/8        EV: 14    Int: 20    God:
Gold:   152        SH:  0    Dex: 12    Spells: 2/8 levels left

rFire    . . .     SeeInvis .     - Unarmed
rCold    + . .     Gourm    .   (no shield)
rNeg     . . .     Faith    .   (helmet restricted)
rPois    .         Spirit   .   (no amulet)
rElec    .         Reflect  .   b - +4 ring of intelligence
rCorr    .         Harm     .   m - ring of protection from cold
MR       .....                  (no ring)
Stlth    +++.......             (no ring)
HPRegen  0.11/turn              (no ring)
MPRegen  0.11/turn              (no ring)
                                (no ring)
                                (no ring)

@: appendage (expiring)
A: almost no armour, stealthy swim, amphibious, 8 rings, constrict 8, tentacle
spike 3, camouflage 1, gelatinous body 1
a: End Transformation


You were on level 4 of the Dungeon.
You were not hungry.
One of your tentacles had a temporary spike.
You visited 1 branch of the dungeon, and saw 4 of its levels.

You collected 152 gold pieces.

Inventory:

Missiles
 a - 11 arrows
Jewellery
 b - a +4 ring of intelligence (left tentacle)
 m - a ring of protection from cold (right tentacle)
Wands
 o - a wand of disintegration (4)
Scrolls
 j - 4 scrolls of remove curse
 k - 2 scrolls of blinking
 l - 2 scrolls of fog
Potions
 h - a potion of haste {unknown}
Comestibles
 c - 5 rations


   Skills:
 * Level 2.0 Fighting
 * Level 2.6 Dodging
 * Level 2.8 Stealth
 * Level 4.2 Unarmed Combat
 + Level 2.3 Spellcasting
 * Level 2.8 Transmutations
 * Level 1.1 Poison Magic


You had 2 spell levels left.
You knew the following spells:

 Your Spells              Type           Power        Failure   Level  Hunger
a - Beastly Appendage     Tmut           ##....       4%          1    #......
b - Sticks to Snakes      Tmut           ##......     8%          2    ##.....
c - Spider Form           Tmut/Pois      ##........   21%         3    ###....

Your spell library contained the following spells:

 Spells                   Type           Power        Failure   Level  Hunger
 Ice Form                 Ice/Tmut       #.......     65%         4    #####..
 Blade Hands              Tmut           ##........   80%         5    ######.


Dungeon Overview and Level Annotations

Branches:
Dungeon (4/15)
 Temple: D:4-7

Altars:
Dithmenos
Vehumet
Zin
The Shining One


Innate Abilities, Weirdness & Mutations

You cannot wear most types of armour.
You are very stealthy in the water. (Stealth+)
You are amphibious.
You can wear up to eight rings at the same time.
You can use your tentacles to constrict eight enemies at once.
Your skin changes colour to match your surroundings (Stealth+).
Your rubbery body absorbs attacks. (AC +1, EV +1)
One of your tentacles bears a large vicious spike.


Message History

You pierce the worker ant, but do no damage.
You squeeze the worker ant, but do no damage.
The worker ant is severely wounded.
You constrict the worker ant. The worker ant misses you.
You tentacle-slap the worker ant.
You kill the worker ant!
Your Fighting skill increases to level 2!
Your transformation is almost over.
Magic restored.
The ogre is too close now for your liking.
The ogre is too close now for your liking.
You barely miss the ogre. You squeeze the ogre.
The ogre is lightly wounded.
The ogre hits you with a +0 giant club!!
Ouch! That really hurt!
Casting: Beastly Appendage (safe; 4% risk of failure)
Confirm with . or Enter, or press ? or * to list all spells.
You create a snake!
You now have 11 arrows.
The ogre hits you with a +0 giant club!
You die...

# #. .# # . ....
.. .# .#. .#.#.
. #.....O...#
#.#.#.#.#.
#........ ##.##
..# #...####.#
#...O@.S.#
#...####.# #+
##### #.# ...
#.#### ....
#....# .....
##.##.#
......####...#.#
.oo...+........#
......####...#.#


You could see an ogre and a friendly ball python.

Vanquished Creatures
  An orc priest (D:4)
  An orc wizard (D:4)
  A worker ant (D:4)
  4 adders
  2 worms (D:3)
  5 orcs
  A ball python (D:3)
  A giant cockroach (D:2)
  4 goblins
  7 hobgoblins
  10 jackals
  2 quokkas (D:3)
  5 bats
  3 frilled lizards (D:2)
  7 kobolds
  4 rats
58 creatures vanquished.

Notes
Turn   | Place    | Note
-------+----------+-------------------------------------------
     0 | D:1      | BlueFish the Octopode Transmuter began the quest for the
                  | Orb.
     0 | D:1      | Reached XP level 1. HP: 13/13 MP: 3/3
   175 | D:1      | Reached XP level 2. HP: 15/18 MP: 5/5
   181 | D:1      | Learned a level 2 spell: Sticks to Snakes
   819 | D:2      | Found a radiant altar of Vehumet.
  1026 | D:2      | Reached skill level 1 in Stealth
  1026 | D:2      | Reached XP level 3. HP: 20/23 MP: 4/6
  1106 | D:2      | Learned a level 3 spell: Spider Form
  1416 | D:2      | Reached XP level 4. HP: 16/28 MP: 7/7
  1669 | D:2      | Found a glowing silver altar of Zin.
  1711 | D:2      | Found a shadowy altar of Dithmenos.
  2308 | D:3      | Found a faded altar of an unknown god.
  2589 | D:3      | Found a glowing golden altar of the Shining One.
  2911 | D:4      | Reached skill level 4 in Unarmed Combat
  2911 | D:4      | Reached XP level 5. HP: 28/34 MP: 8/8
  2917 | D:4      | Reached skill level 1 in Poison Magic
  3154 | D:4      | Noticed an ogre
  3179 | D:4      | Slain by an ogre

Levels and vault maps discovered:
D:1:      lightli_molten_gateway, layout_basic
D:2:      layout_basic, zin_statuary, marbit_many_paths, fiery_altar_vehumet
D:3:      layout_basic, nicolae_tso_swordbearing_angel,
          chequers_ecumenical_altar_simple
D:4:      layout_loops_corners, hex_medium

Skill      XL: |  1  2  3  4  5 |
---------------+----------------+-----
Stealth        | 1 2 |  2.8
Unarmed Combat | 4 |  4.2
Poison Magic   | 1 |  1.1
Fighting       | 2 |  2.0
Dodging        | |  2.6
Spellcasting   | |  2.3
Transmutations | |  2.8

Action                   |  1- 3 |  4- 6 || total
-------------------------+-------+-------++-------
Melee: Unarmed           |    62 |    64 ||   126
       Tentacles         |    10 |     6 ||    16
       Constrict         |    15 |    14 ||    29
       Kick              |    11 |    14 ||    25
       Punch             |     1 |       ||     1
 Cast: Beastly Appendage |    18 |    13 ||    31
       Sticks to Snakes  |       |     1 ||     1
  Use: Scroll            |       |     7 ||     7
       Potion            |       |     3 ||     3
 Stab: Sleeping          |     5 |     2 ||     7
  Eat: Chunk             |     2 |     5 ||     7
Armor: Skin              |    10 |     1 ||    11
Dodge: Dodged            |    36 |    35 ||    71

Table legend:
 A = Non-vault XP
 B = Vault XP
 C = Vault XP percentage of total XP
 D = Non-vault monster count
 E = Vault monster count
 F = Vault count percentage of total count
                 A         B        C        D         E       F
            +---------+---------+-------+---------+---------+-------
      Total |     265 |       1 |   0.4 |      57 |       1 |   1.7
            +---------+---------+-------+---------+---------+-------
        D:1 |      27 |       0 |   0.0 |      16 |       0 |   0.0
        D:2 |      61 |       1 |   1.6 |      16 |       1 |   5.9
        D:3 |      51 |       0 |   0.0 |      19 |       0 |   0.0
        D:4 |     126 |       0 |   0.0 |       6 |       0 |   0.0
            +---------+---------+-------+---------+---------+-------
